NYP
BATAVIA MUCKDOGS @ BOISE HAWKS
07/01/2045
 
TOP OF THE 1ST
Batavia Muckdogs batting - Pitching for Boise Hawks : RHP Rich Reinbolt
Pitching: RHP Rich Reinbolt
Batting: RHB Tom Thompson 0-0: Foul Ball, location: 2F
0-1: Ball
1-1: Swinging Strike
1-2: Ball
2-2: Strikes out swinging
Batting: LHB David Doge 0-0: Ball
1-0: Foul Ball, location: 2F
1-1: Ball
2-1: Ball
3-1: Called Strike
3-2: Strikes out swinging
Batting: RHB Tony Stedman 0-0: Ball
1-0: TRIPLE (Flyball, 89XD, EV 95.0 MPH)
Batting: RHB Len Graham 0-0: Ball
1-0: Ball
2-0: SINGLE (Line Drive, 4D, EV 97.5 MPH)
Tony Stedman scores
Batting: RHB Jim Fisher 0-0: Ball
Len Graham steals 2nd base (no throw)
1-0: Ball
2-0: Ball
3-0: Called Strike
3-1: Foul Ball, location: 2F
3-2: Foul Ball, location: 2F
3-2: Base on Balls
Batting: RHB Andy Kelly 0-0: Called Strike
0-1: Swinging Strike
0-2: Strikes out swinging
Top of the 1st over - 1 run, 2 hits, 0 errors, 2 left on base; Batavia 1 - Boise 0
BOTTOM OF THE 1ST
Boise Hawks batting - Pitching for Batavia Muckdogs : RHP Adam Brown
Pitching: RHP Adam Brown
Batting: SHB Pete Perla 0-0: Called Strike
0-1: Ball
1-1: Called Strike
1-2: Foul Ball, location: 2F
1-2: Ball
2-2: Ball
3-2: Base on Balls
Batting: LHB Matt Steinke 0-0: Fly out, F6 (Flyball, 56D, EV 76.2 MPH)
Batting: RHB Ernest Olkowicz 0-0: Ball
1-0: Called Strike
1-1: Called Strike
1-2: Fielders Choice at 2nd, 3-6 (Groundball, 23, EV 84.4 MPH)
Batting: LHB Ryan Rodgers 0-0: Called Strike
Ernest Olkowicz steals 2nd base
0-1: Foul Ball, location: 2F
0-2: Ball
1-2: SINGLE (Flyball, 34D, EV 87.5 MPH)
Ernest Olkowicz to third
Batting: LHB Chris Raymond 0-0: Ball
1-0: Foul Ball, location: 2F
1-1: Called Strike
1-2: Ground out 5-3 (Groundball, 56S, EV 66.9 MPH)
Bottom of the 1st over - 0 runs, 1 hit, 0 errors, 2 left on base; Batavia 1 - Boise 0
TOP OF THE 2ND
Batavia Muckdogs batting - Pitching for Boise Hawks : RHP Rich Reinbolt
Batting: RHB J.D. Vander Klok 0-0: Ball
1-0: Called Strike
1-1: Ball
2-1: Swinging Strike
2-2: Ball
3-2: Strikes out swinging, 2-3 out at first.
Batting: SHB Yoo-chul Jung 0-0: Called Strike
0-1: Foul Ball, location: 2F
0-2: Foul Ball, location: 2F
0-2: Ground out 5-3 (Groundball, 56S, EV 74.4 MPH)
Batting: RHB Jeremy Dennis 0-0: Foul Ball, location: 2F
0-1: Ground out 6-3 (Groundball, 6, EV 101.9 MPH)
Top of the 2nd over - 0 runs, 0 hits, 0 errors, 0 left on base; Batavia 1 - Boise 0
BOTTOM OF THE 2ND
Boise Hawks batting - Pitching for Batavia Muckdogs : RHP Adam Brown
Batting: RHB Andy Solorzano 0-0: Ball
1-0: SINGLE (Flyball, 4MD, EV 93.1 MPH)
Batting: RHB Max Schellekens 0-0: Fly out, F8 (Flyball, 8RM, EV 96.2 MPH)
Batting: LHB Mick Knopp 0-0: Called Strike
0-1: Swinging Strike
0-2: Ball
1-2: Strikes out swinging
Batting: RHB Haykuhi Kagramanian 0-0: Fielders Choice at 2nd, 6-4 (Groundball, 6, EV 93.1 MPH)
Bottom of the 2nd over - 0 runs, 1 hit, 0 errors, 1 left on base; Batavia 1 - Boise 0
TOP OF THE 3RD
Batavia Muckdogs batting - Pitching for Boise Hawks : RHP Rich Reinbolt
Batting: RHB Tom Thompson 0-0: Ball
1-0: Ground out 5-3 (Groundball, 56S, EV 68.1 MPH)
Batting: LHB David Doge 0-0: Swinging Strike
0-1: Called Strike
0-2: Ball
1-2: Ground out 4-3 (Groundball, 4, EV 85.6 MPH)
Batting: RHB Tony Stedman 0-0: Ball
1-0: Swinging Strike
1-1: Ball
2-1: Ball
3-1: Base on Balls
Batting: RHB Len Graham 0-0: Called Strike
0-1: Called Strike
Tony Stedman steals 2nd base
0-2: Ball
1-2: Ball
2-2: Foul Ball, location: 2F
2-2: TRIPLE (Flyball, 89XD, EV 98.1 MPH)
Tony Stedman scores
Batting: RHB Jim Fisher 0-0: Called Strike
0-1: Swinging Strike
0-2: Ball
1-2: Foul Ball, location: 2F
1-2: Foul Ball, location: 2F
1-2: Ball
2-2: SINGLE (Groundball, 6MD, EV 100.0 MPH)
Len Graham scores
Batting: RHB Andy Kelly 0-0: Ball
1-0: Fielders Choice at 2nd, 6-4 (Groundball, 6, EV 85.6 MPH)
Top of the 3rd over - 2 runs, 2 hits, 0 errors, 1 left on base; Batavia 3 - Boise 0
BOTTOM OF THE 3RD
Boise Hawks batting - Pitching for Batavia Muckdogs : RHP Adam Brown
Batting: SHB Pete Perla 0-0: Called Strike
0-1: Swinging Strike
0-2: Ball
1-2: Fly out, F9 (Flyball, 89D, EV 80.6 MPH)
Batting: LHB Matt Steinke 0-0: Ball
1-0: Ball
2-0: Ground out 6-3 (Groundball, 6, EV 102.5 MPH)
Batting: RHB Ernest Olkowicz 0-0: Called Strike
0-1: Ground out 1-3 (Groundball, 15S, EV 71.2 MPH)
Bottom of the 3rd over - 0 runs, 0 hits, 0 errors, 0 left on base; Batavia 3 - Boise 0
TOP OF THE 4TH
Batavia Muckdogs batting - Pitching for Boise Hawks : RHP Rich Reinbolt
Batting: RHB J.D. Vander Klok 0-0: Ball
1-0: Ball
2-0: Foul Ball, location: 2F
2-1: Swinging Strike
2-2: Strikes out swinging
Batting: SHB Yoo-chul Jung 0-0: Ball
1-0: Called Strike
1-1: Ball
2-1: Foul Ball, location: 2F
2-2: SINGLE (Line Drive, 34, EV 102.5 MPH)
Batting: RHB Jeremy Dennis 0-0: Ball
1-0: Ball
2-0: Called Strike
2-1: Swinging Strike
2-2: Strikes out swinging
Batting: RHB Tom Thompson 0-0: Called Strike
0-1: Called Strike
0-2: Ball
1-2: Foul Ball, location: 2F
1-2: Ball
Wild Pitch!
Yoo-chul Jung to second
2-2: Foul Ball, location: 2F
2-2: Strikes out swinging
Top of the 4th over - 0 runs, 1 hit, 0 errors, 1 left on base; Batavia 3 - Boise 0
BOTTOM OF THE 4TH
Boise Hawks batting - Pitching for Batavia Muckdogs : RHP Adam Brown
Batting: LHB Ryan Rodgers 0-0: Ball
1-0: Ball
2-0: Called Strike
2-1: Ball
3-1: Foul Ball, location: 2F
3-2: Foul Ball, location: 2F
3-2: Foul Ball, location: 2F
3-2: Foul Ball, location: 2F
3-2: Base on Balls
Batting: LHB Chris Raymond 0-0: Called Strike
0-1: Ball
1-1: Ball
2-1: Fielders Choice at 2nd, 5-4 (Groundball, 56, EV 86.2 MPH)
Batting: RHB Andy Solorzano 0-0: Ball
1-0: Grounds into double play, 4-6-3 (Groundball, 4, EV 88.1 MPH)
Bottom of the 4th over - 0 runs, 0 hits, 0 errors, 0 left on base; Batavia 3 - Boise 0
TOP OF THE 5TH
Batavia Muckdogs batting - Pitching for Boise Hawks : RHP Rich Reinbolt
Pitching: RHP Alberto Cordovi
Batting: LHB David Doge 0-0: Called Strike
0-1: Called Strike
0-2: Ball
1-2: Strikes out swinging
Batting: RHB Tony Stedman 0-0: Called Strike
0-1: Ball
1-1: Called Strike
1-2: Foul Ball, location: 2F
1-2: Foul Ball, location: 2F
1-2: Strikes out swinging
Batting: RHB Len Graham 0-0: Ball
1-0: Ball
2-0: SINGLE (Line Drive, 89M, EV 106.2 MPH)
Batting: RHB Jim Fisher 0-0: Ball
Len Graham steals 2nd base
1-0: Ball
2-0: Fly out, F9 (Flyball, 89M, EV 87.5 MPH)
Top of the 5th over - 0 runs, 1 hit, 0 errors, 1 left on base; Batavia 3 - Boise 0
BOTTOM OF THE 5TH
Boise Hawks batting - Pitching for Batavia Muckdogs : RHP Adam Brown
Batting: RHB Max Schellekens 0-0: Called Strike
0-1: Ground out 6-3 (Groundball, 6M, EV 105.0 MPH)
Batting: LHB Mick Knopp 0-0: Called Strike
0-1: Ball
1-1: Called Strike
1-2: Ground out 3-1 (Groundball, 34, EV 104.4 MPH)
Batting: RHB Haykuhi Kagramanian 0-0: Ball
1-0: Foul Ball, location: 2F
1-1: Ball
2-1: Ball
3-1: Base on Balls
Batting: SHB Pete Perla 0-0: Called Strike
0-1: Ball
1-1: SINGLE (Groundball, 56D, EV 103.8 MPH)
Haykuhi Kagramanian to second
Batting: LHB Matt Steinke 0-0: Swinging Strike
0-1: Called Strike
0-2: Ball
1-2: Ball
2-2: Ball
3-2: 3-RUN HOME RUN (Flyball, 89XD, EV 99.4 MPH), Distance : 407 ft
Batting: RHB Ernest Olkowicz 0-0: Called Strike
0-1: Ground out 5-3 (Groundball, 56, EV 101.2 MPH)
Bottom of the 5th over - 3 runs, 2 hits, 0 errors, 0 left on base; Batavia 3 - Boise 3
TOP OF THE 6TH
Batavia Muckdogs batting - Pitching for Boise Hawks : RHP Alberto Cordovi
Batting: RHB Andy Kelly 0-0: Ball
1-0: Foul Ball, location: 2F
1-1: Called Strike
1-2: Strikes out swinging
Batting: RHB J.D. Vander Klok 0-0: Foul Ball, location: 2F
0-1: Called Strike
0-2: Ball
1-2: Strikes out swinging
Batting: SHB Yoo-chul Jung 0-0: Called Strike
0-1: Ball
1-1: Called Strike
1-2: Ball
2-2: Foul Ball, location: 2F
2-2: Ball
3-2: Foul Ball, location: 2F
3-2: Base on Balls
Batting: RHB Jeremy Dennis 0-0: Called Strike
0-1: Ball
1-1: Ball
2-1: Called Strike
2-2: Ball
3-2: Strikes out swinging
Top of the 6th over - 0 runs, 0 hits, 0 errors, 1 left on base; Batavia 3 - Boise 3
BOTTOM OF THE 6TH
Boise Hawks batting - Pitching for Batavia Muckdogs : RHP Adam Brown
Batting: LHB Ryan Rodgers 0-0: Foul Ball, location: 2F
0-1: Foul Ball, location: 2F
0-2: Foul Ball, location: 2F
0-2: Ball
1-2: Foul Ball, location: 2F
1-2: Ball
2-2: Ball
3-2: SOLO HOME RUN (Flyball, 9LD, EV 94.4 MPH), Distance : 345 ft
Pitching: RHP Aidan Mitchell
Batting: LHB Chris Raymond 0-0: Ball
1-0: Foul Ball, location: 2F
1-1: Ball
2-1: Foul Ball, location: 2F
2-2: Ball
3-2: Base on Balls
Batting: RHB Andy Solorzano 0-0: Called Strike
0-1: Ball
1-1: Called Strike
1-2: Ball
2-2: Ball
3-2: Foul Ball, location: 2F
3-2: Foul Ball, location: 2F
3-2: Foul Ball, location: 2F
3-2: Base on Balls
Chris Raymond to second
Batting: RHB Max Schellekens 0-0: 3-RUN HOME RUN (Flyball, 7LD, EV 96.9 MPH), Distance : 353 ft
Pitching: RHP James Bitner
Batting: LHB Mick Knopp 0-0: Ball
1-0: Foul Ball, location: 2F
1-1: Ball
2-1: Ball
3-1: Base on Balls
Batting: RHB Haykuhi Kagramanian 0-0: Called Strike
0-1: Called Strike
0-2: Ball
Wild Pitch!
Mick Knopp to second
1-2: Strikes out swinging
Batting: SHB Pete Perla 0-0: Called Strike
0-1: Fly out, F8 (Flyball, 8LM, EV 91.9 MPH)
Batting: LHB Matt Steinke 0-0: Called Strike
0-1: Ball
1-1: SINGLE (Groundball, 6MD, EV 106.2 MPH)
Mick Knopp to third
Runner from 3rd tries for Home, SAFE, throw by CF to home
Matt Steinke to second
Batting: RHB Ernest Olkowicz 0-0: Ball
Wild Pitch!
Matt Steinke to third
1-0: Foul Ball, location: 2F
1-1: Ball
2-1: Ball
3-1: Called Strike
3-2: Base on Balls
Pitching: RHP Mike Yorke
Batting: LHB Ryan Rodgers 0-0: Ball
1-0: Ball
2-0: Ball
3-0: Called Strike
3-1: DOUBLE (Line Drive, 5D, EV 103.8 MPH)
Matt Steinke scores
Ernest Olkowicz to third
Runner from 3rd tries for Home, SAFE, throw by LF to home
Batting: LHB Chris Raymond 0-0: Ball
1-0: Called Strike
1-1: Fly out, F8 (Flyball, 8LM, EV 80.6 MPH)
Bottom of the 6th over - 7 runs, 4 hits, 0 errors, 1 left on base; Batavia 3 - Boise 10
TOP OF THE 7TH
Batavia Muckdogs batting - Pitching for Boise Hawks : RHP Alberto Cordovi
Batting: RHB Tom Thompson 0-0: Called Strike
0-1: Ball
1-1: Ball
2-1: Foul Ball, location: 2F
2-2: Foul Ball, location: 2F
2-2: Ball
3-2: Base on Balls
Pinch Hitting: LHB Matt McKeon 0-0: Ground out 5-3 (Groundball, 5S, EV 68.1 MPH)
Tom Thompson to second
Pitching: LHP Steve Lima
Batting: RHB Tony Stedman 0-0: Ball
Wild Pitch!
Tom Thompson to third
1-0: Ball
2-0: Fly out, F8 (Flyball, 8RXD, EV 86.9 MPH)
Runner from 3rd tags up, SCORES, no throw by CF
Batting: RHB Len Graham 0-0: Ball
1-0: Called Strike
1-1: Ball
2-1: Called Strike
2-2: Foul Ball, location: 2F
2-2: Ball
3-2: Fly out, F8 (Flyball, 8RD, EV 96.9 MPH)
Top of the 7th over - 1 run, 0 hits, 0 errors, 0 left on base; Batavia 4 - Boise 10
BOTTOM OF THE 7TH
Boise Hawks batting - Pitching for Batavia Muckdogs : RHP Mike Yorke
Now in RF: Matt McKeon
Batting: RHB Andy Solorzano 0-0: Ball
1-0: Ball
2-0: Ball
3-0: Called Strike
3-1: Base on Balls
Batting: RHB Max Schellekens 0-0: Swinging Strike
0-1: Ball
1-1: Fly out, F8 (Flyball, 8RD, EV 92.5 MPH)
Batting: LHB Mick Knopp 0-0: Foul Ball, location: 2F
0-1: SINGLE (Line Drive, 8LS, EV 107.5 MPH)
Andy Solorzano to second
Pitching: RHP Dan Durand
Batting: RHB Haykuhi Kagramanian 0-0: Called Strike
0-1: Swinging Strike
0-2: Ball
1-2: Foul Ball, location: 2F
1-2: Grounds into double play, 6-4-3 (Groundball, 6, EV 84.4 MPH)
Bottom of the 7th over - 0 runs, 1 hit, 0 errors, 1 left on base; Batavia 4 - Boise 10
TOP OF THE 8TH
Batavia Muckdogs batting - Pitching for Boise Hawks : LHP Steve Lima
Batting: RHB Jim Fisher 0-0: Ball
1-0: Ball
2-0: Ball
3-0: Foul Ball, location: 2F
3-1: Foul Ball, location: 2F
3-2: SINGLE (Line Drive, 4D, EV 101.2 MPH)
Batting: RHB Andy Kelly 0-0: Called Strike
0-1: Foul Ball, location: 2F
0-2: Ball
1-2: SINGLE (Groundball, 56D, EV 98.8 MPH)
Jim Fisher to second
Batting: RHB J.D. Vander Klok 0-0: Swinging Strike
0-1: Ball
1-1: Swinging Strike
1-2: Strikes out looking
Batting: SHB Yoo-chul Jung 0-0: Ball
1-0: Fielders Choice at 2nd, 6-4 (Groundball, 6S, EV 83.1 MPH)
Jim Fisher to third
Batting: RHB Jeremy Dennis 0-0: Ball
1-0: Called Strike
1-1: Ball
2-1: Called Strike
2-2: Strikes out looking
Top of the 8th over - 0 runs, 2 hits, 0 errors, 2 left on base; Batavia 4 - Boise 10
BOTTOM OF THE 8TH
Boise Hawks batting - Pitching for Batavia Muckdogs : RHP Dan Durand
Batting: SHB Pete Perla 0-0: Ball
1-0: Foul Ball, location: 2F
1-1: Ball
2-1: Ground out 6-3 (Groundball, 56, EV 85.0 MPH)
Batting: LHB Matt Steinke 0-0: Ball
1-0: Foul Ball, location: 2F
1-1: Foul Ball, location: 2F
1-2: Ball
2-2: Ball
3-2: Base on Balls
Batting: RHB Ernest Olkowicz 0-0: Ball
1-0: Ball
2-0: Foul Ball, location: 2F
2-1: DOUBLE (Line Drive, 5D, EV 94.4 MPH)
Matt Steinke to third
Batting: LHB Ryan Rodgers 0-0: Ball
1-0: Ball
2-0: Ball
3-0: Called Strike
3-1: Called Strike
3-2: DOUBLE (Groundball, 3L, EV 104.4 MPH)
Matt Steinke scores
Ernest Olkowicz scores
Pinch Hitting: LHB Joe Miller 0-0: DOUBLE (Flyball, 89D, EV 96.2 MPH)
Ryan Rodgers scores
Pinch Hitting: LHB Eric Zacher 0-0: Swinging Strike
0-1: Ball
1-1: Ball
2-1: Ball
3-1: Foul Ball, location: 2F
3-2: Foul Ball, location: 2F
3-2: Foul Ball, location: 2F
3-2: SINGLE (Groundball, 4MS, EV 66.9 MPH) (infield hit)
Joe Miller to third
Pinch Hitting: RHB Josh Martin 0-0: Ball
1-0: Ball
2-0: Foul Ball, location: 2F
2-1: Called Strike
2-2: Foul Ball, location: 2F
2-2: Foul Ball, location: 2F
2-2: Foul Ball, location: 2F
2-2: Fielders Choice at 2nd, 4-6 (Groundball, 4, EV 88.1 MPH)
Joe Miller scores
Pitching: RHP Nate Crofts
Batting: LHB Mick Knopp 0-0: Ball
1-0: Called Strike
1-1: Ball
2-1: Ball
3-1: Base on Balls
Josh Martin to second
Pinch Hitting: RHB Matt Robert 0-0: Ball
1-0: Ball
2-0: Ball
3-0: Base on Balls
Josh Martin to third
Mick Knopp to second
Batting: SHB Pete Perla 0-0: Called Strike
0-1: Swinging Strike
0-2: Fly out, F7 (Flyball, 78S, EV 87.5 MPH)
Bottom of the 8th over - 4 runs, 4 hits, 0 errors, 3 left on base; Batavia 4 - Boise 14
TOP OF THE 9TH
Batavia Muckdogs batting - Pitching for Boise Hawks : LHP Steve Lima
Now at 1B: Matt Robert
Now at 3B: Josh Martin
Now at SS: Eric Zacher
Now in RF: Joe Miller
Batting: RHB Tom Thompson 0-0: Called Strike
0-1: Fly out, F5 (Popup, 5, EV 76.2 MPH)
Pinch Hitting: RHB Israel Gaona 0-0: Called Strike
0-1: Called Strike
0-2: Ball
1-2: Ball
2-2: Foul Ball, location: 2F
2-2: Strikes out swinging
Batting: RHB Tony Stedman 0-0: Called Strike
0-1: Called Strike
0-2: Ball
1-2: Ball
2-2: SINGLE (Groundball, 6MS, EV 67.5 MPH) (infield hit)
Batting: RHB Len Graham 0-0: Ball
1-0: Ball
2-0: Swinging Strike
2-1: Foul Ball, location: 2F
2-2: Foul Ball, location: 2F
2-2: Ball
3-2: Strikes out looking
Top of the 9th over - 0 runs, 1 hit, 0 errors, 1 left on base; Batavia 4 - Boise 14
Wednesday, June 22nd , 2022 - OOTP Baseball 23.4 Build 64